 Dungeon Crawl Stone Soup version 0.24.0-13-gcf9b3192b9 (webtiles) character file.

Game seed: 1518969754313303957, levelgen mode: deterministic

42 Katsumi the Changer (level 3, -1/15 HPs)
             Began as a Felid Transmuter on Nov 10, 2019.
             Slain by a rat (2 damage)
             ... on level 3 of the Dungeon.
             The game lasted 00:03:55 (3895 turns).

Katsumi the Changer (Felid Transmuter)              Turns: 3895, Time: 00:03:56

Health: -1/15      AC:  1    Str:  6    XL:     3   Next: 35%
Magic:  7/7        EV: 18    Int: 15    God:
Gold:   135        SH:  0    Dex: 16    Spells: 3/6 levels left
                                        Lives:  0   Deaths: 1

rFire    . . .     SeeInvis +     - Unarmed
rCold    . . .     Gourm    .   (shield unavailable)
rNeg     . . .     Faith    .   (armour unavailable)
rPois    .         Spirit   .   (helmet unavailable)
rElec    .         Reflect  .   (cloak unavailable)
rCorr    .         Harm     .   (gloves unavailable)
MR       .....                  (boots unavailable)
Stlth    ++........             (no amulet)
HPRegen  0.05/turn              (no ring)
MPRegen  0.10/turn              (no ring)

@: quick
A: very small, no armour, no weapons or thrown items, stealth, claws 1, fangs 3,
see invisible, carnivore, speed 1, shaggy fur 1, slow metabolism 1, sharp paws
a: no special abilities


You were on level 3 of the Dungeon.
You were not hungry.

You visited 1 branch of the dungeon, and saw 3 of its levels.

You collected 135 gold pieces.

Inventory:

Missiles
 a - 78 arrows
Scrolls
 b - 7 scrolls of identify {unknown}
 d - a scroll of remove curse {unknown}
 e - a scroll of noise {unknown}
 f - 3 scrolls of magic mapping {unknown}
 h - a scroll of random uselessness {unknown}
Comestibles
 c - 5 rations


   Skills:
 - Level 1.0 Fighting
 - Level 2.6 Dodging
 - Level 3.0 Unarmed Combat
 - Level 2.0 Spellcasting
 + Level 5.1 Transmutations


You had 3 spell levels left.
You knew the following spells:

 Your Spells              Type           Power        Failure   Level  Hunger
a - Beastly Appendage     Tmut           ###...       2%          1    #......
b - Sticks to Snakes      Tmut           ###.....     4%          2    ###....

Your spell library contained the following spells:

 Spells                   Type           Power        Failure   Level  Hunger
 Spider Form              Tmut/Pois      #.........   22%         3    ###....
 Ice Form                 Ice/Tmut       #.......     58%         4    #####..
 Blade Hands              Tmut           ###.......   58%         5    ######.


Dungeon Overview and Level Annotations

Branches:
Dungeon (3/15)

Altars:


Innate Abilities, Weirdness & Mutations

You cannot wear armour.
You are incapable of wielding weapons or throwing items.
Your paws allow you to move quietly. (Stealth)
You have sharp claws.
You have razor-sharp teeth.
You have supernaturally acute eyesight. (SInv)
You are carnivorous and can eat meat at any time.
You cover ground quickly.
You are covered in fur. (AC +1)
You have a slow metabolism.
Your sharp claws are effective at attacking unaware monsters.


Message History

The rat closely misses you. The rat bites you but does no damage.
The rat completely misses you. The rat misses you. The rat misses you.
The rat closely misses you.
The rat twitches its whiskers.
The rat completely misses you. The rat misses you.
The rat completely misses you. The rat bites you but does no damage.
The rat closely misses you. The rat misses you. The rat completely misses you.
The rat bites you.
* * * LOW HITPOINT WARNING * * *
The rat barely misses you. The rat barely misses you. The rat bites you.
You die...

## #.#########
..........#
....#####.###
............#
...##r@....####
#..........
...........####
.####.%....#
#.##.### #. #.#
.. ... ### ###


You could see a rat.

Vanquished Creatures
  An adder (D:2)
  A gnoll (D:1)
  3 worms
  2 dart slugs
  2 giant cockroaches (D:2)
  16 hobgoblins
  A jackal (D:3)
  4 bats (D:1)
  2 frilled lizards
  12 goblins
  6 kobolds
  10 rats
60 creatures vanquished.

Notes
Turn   | Place    | Note
-------+----------+-------------------------------------------
     0 | D:1      | Katsumi the Felid Transmuter began the quest for the Orb.
     0 | D:1      | Reached XP level 1. HP: 9/9 MP: 4/4
   122 | D:1      | Reached skill level 3 in Transmutations
   122 | D:1      | Reached XP level 2. HP: 12/12 MP: 3/6
   727 | D:1      | Learned a level 2 spell: Sticks to Snakes
   936 | D:1      | Reached XP level 3. HP: 11/15 MP: 5/7
   965 | D:1      | Reached skill level 4 in Transmutations
  2430 | D:2      | Reached XP level 4. HP: 12/19 MP: 6/8
  2991 | D:2      | Reached skill level 5 in Transmutations
  3784 | D:3      | Succumbed to a kobold's poison
  3785 | D:3      | Reached XP level 3. HP: 0/15 MP: 7/7
  3895 | D:3      | Slain by a rat

Levels and vault maps discovered:
D:1:      lightli_molten_gateway, layout_loops_cross,
          chequers_serial_rivers_micro_e, minmay_misc_feat_iff
D:2:      cheibrodos_greedy_goblins, layout_basic, kennysheep_generic_room_9
D:3:      layout_loops_ring, first_ration, minmay_fractal_squares_gapless_5

Skill      XL: |  1  2  3  4 |
---------------+-------------+-----
Transmutations | 3 4 5 |  5.1
Fighting       | |  1.0
Dodging        | |  2.6
Unarmed Combat | |  3.0
Spellcasting   | |  2.0

Action                   |  1- 3 |  4- 6 || total
-------------------------+-------+-------++-------
Melee: Unarmed           |   121 |    59 ||   180
       Headbutt          |    19 |     6 ||    25
       Bite              |    10 |     7 ||    17
 Cast: Beastly Appendage |    44 |    11 ||    55
       Sticks to Snakes  |     2 |       ||     2
  Use: Potion            |       |     1 ||     1
 Stab: Sleeping          |     5 |       ||     5
  Eat: Chunk             |    12 |     3 ||    15
Armor: Skin              |    11 |     1 ||    12
Dodge: Dodged            |   180 |    48 ||   228
